Devils vs Avalanche

Created - 13 décembre 2015 at 19:05

Goals
1 2 3 T
Devils 2 0 3 5
Avalanche 1 2 3 6
Shots
1 2 3 T
Devils 8 7 13 28
Avalanche 20 19 11 50

1st period

1. Devils , Milan Michalek 7 (Jiri Hudler, Cody Franson) at 9:42
2. Devils , Ben Lovejoy 3 (Vincent Lecavalier) at 16:16 (PP)
3. Avalanche , Pernell Karl Subban 2 (Shane O'Brien) at 19:23

Penalties :
Jiri Hudler (NJD) for Hooking (Minor) at 3:50, Steve Ott (NJD) for Hooking (Minor) at 12:55, Mike Comrie (Col) for Hooking (Minor) at 16:04

2nd period

4. Avalanche , Bryan Little 14 (Mikkel Boedker, Brandon Yip) at 11:49
5. Avalanche , Ryan Smyth 5 (Pernell Karl Subban, Mike Comrie) at 16:30

Penalties :
Dave Tanabe (NJD) for Slashing (Minor) at 6:03

3rd period

6. Devils , Zach Parise 9 (Vincent Lecavalier) at 2:21
7. Avalanche , Andrew Ladd 8 (Chuck Kobasew) at 4:29
8. Devils , Steve Ott 3 (Brett Maclean, Damien Brunner) at 11:27
9. Avalanche , Mike Comrie 10 (Corey Perry, Ryan Smyth) at 14:26
10. Avalanche , Bryan Little 15 (Mike Comrie) at 16:58
11. Devils , Milan Michalek 8 (Vincent Lecavalier, Jordan Eberle) at 18:19 (PP)

Penalties :
Milan Michalek (NJD) for Roughing (Minor) at 8:13, Bryan Little (Col) for Holding (Minor) at 14:48, Sergei Gonchar (Col) for Hooking (Minor) at 18:03

Goalie Stats

James Reimer (NJD), 44 saves from 50 shots - (0,880), L, 6-5-3, 58:46 minutes
Jimmy Howard (Col), 23 saves from 28 shots - (0,821), W, 10-9-4, 60:00 minutes

Players Stats for Devils

Player Name              G  A  P  +/- PIM S  H  SB GA TA FO     MP     PP MP  PK MP  
------------------------------------------------------------------------------------
Ben Lovejoy              1  0  1  -2  0   2  2  2  1  0  0/0    27:17   1:26   3:00 
Brad Ference             0  0  0  -1  0   0  1  3  0  0  0/0    16:40   0:00   5:23 
Brett Maclean            0  1  1  -3  0   1  2  1  0  0  1/1    11:31   0:00   0:42 
Cody Franson             0  1  1  -1  0   1  1  1  0  0  0/0    14:55   1:01   0:28 
Damien Brunner           0  1  1  -2  0   3  1  0  0  0  1/2    10:43   0:04   0:00 
Dave Tanabe              0  0  0   0  2   0  0  5  2  3  0/0    27:48   0:00   3:52 
Greg Stewart             0  0  0   0  0   2  3  0  0  0  0/0     9:52   0:00   1:38 
Jiri Hudler              0  1  1   0  2   4  5  0  1  0  12/33  18:24   0:00   1:14 
Jordan Eberle            0  1  1   0  0   1  2  0  0  0  1/2    12:43   1:28   0:00 
Logan Couture            0  0  0   0  0   0  0  1  1  0  2/2    10:04   0:55   0:55 
Michael Frolik           0  0  0   0  0   2  3  0  1  0  0/1    19:05   0:45   0:00 
Mike Komisarek           0  0  0  -1  0   0  0  0  0  1  0/0    18:46   1:01   3:09 
Milan Michalek           2  0  2   0  2   3  2  1  0  1  0/1    22:32   1:18   3:14 
Oliver Ekman-Larsson     0  0  0  -1  0   1  3  0  0  0  0/0    15:06   1:26   0:00 
Patrick Eaves            0  0  0  -1  0   0  2  0  0  0  0/0    10:22   0:04   1:47 
Steve Ott                1  0  1  -2  2   1  2  1  0  0  3/7    11:18   0:24   0:00 
Vincent Lecavalier       0  3  3   0  0   5  2  0  0  0  11/23  19:18   1:28   4:26 
Zach Parise              1  0  1  -1  0   2  0  1  3  0  0/0    15:36   0:55   1:56 

Players Stats for Avalanche

Player Name              G  A  P  +/- PIM S  H  SB GA TA FO     MP     PP MP  PK MP  
------------------------------------------------------------------------------------
Andrew Ladd              1  0  1   1  0   2  0  0  0  0  0/0    11:55   0:00   0:48 
Brandon Yip              0  1  1   0  0   0  3  0  0  0  0/1    13:12   0:00   0:00 
Bryan Little             2  0  2   1  2   6  5  0  1  1  9/16   17:34   3:34   0:00 
Chuck Kobasew            0  1  1   1  0   1  0  0  0  0  3/4    12:11   0:00   0:53 
Corey Perry              0  1  1   1  0   6  1  1  1  1  0/1    21:10   4:22   0:00 
Jack Johnson             0  0  0   0  0   2  1  0  0  0  0/0    26:39   4:32   1:39 
Marc Staal               0  0  0   0  0   3  1  3  1  2  0/0    25:47   4:32   0:47 
Max Pacioretty           0  0  0   1  0   2  0  0  0  0  0/0    12:00   3:34   0:12 
Michal Handzus           0  0  0   0  0   1  0  1  0  1  2/3     8:42   0:00   0:33 
Mike Comrie              1  2  3   2  2   7  2  0  0  0  20/31  18:04   0:00   1:10 
Mikkel Boedker           0  1  1   0  0   4  1  0  0  0  0/0    17:24   3:34   0:00 
Nick Palmieri            0  0  0   0  0   1  0  1  0  0  0/0     7:46   0:00   0:00 
Pernell Karl Subban      1  1  2   2  0   2  0  3  1  1  0/0    18:25   3:24   0:00 
Randy Jones              0  0  0   0  0   2  1  0  0  1  0/0    14:43   0:00   0:47 
Ryan Getzlaf             0  0  0   1  0   3  0  0  1  0  7/12   15:05   4:22   0:00 
Ryan Smyth               1  1  2   1  0   4  0  0  0  1  0/4    22:28   4:22   1:18 
Sergei Gonchar           0  0  0   1  2   3  0  1  0  0  0/0    18:55   3:24   0:13 
Shane O'Brien            0  1  1   3  0   1  1  0  0  1  0/0    15:29   0:00   1:28 

3 Stars

1 - Bryan Little (Col)
2 - Mike Comrie (Col)
3 - Pernell Karl Subban (Col)

Power Play

Devils - 2 on 4 Attempt(s) - 50,00%
Avalanche - 0 on 4 Attempt(s) - 0,00%

Penalty Kill

Devils - 4 on 4 Attempt(s) - 100,00% - Score 0 goal in Penalty Kill
Avalanche - 2 on 4 Attempt(s) - 50,00% - Score 0 goal in Penalty Kill

Team Stat

Devils - Hits : 31 - Faceoff Wins : 31 - Blocked Shots : 16 - Penalty Minutes : 8
Avalanche - Hits : 16 - Faceoff Wins : 41 - Blocked Shots : 10 - Penalty Minutes : 6

Official

Referees : Watson Brad and Lee Chris
Linesman : Lonnie Cameron and Scott Driscoll

Game Notes

2:14 of 3rd period - Penalty Shot by Pernell Karl Subban for Avalanche - Stopped by James Reimer

Finance

Level 1 -- Attendance: 5613 (93,55%) -- Ticket Income 471 492 $
Level 2 -- Attendance: 4426 (88,52%) -- Ticket Income 221 300 $
Level 3 -- Attendance: 1850 (92,50%) -- Ticket Income 51 800 $
Level 4 -- Attendance: 4000 (100,00%) -- Ticket Income 72 000 $
Luxury Box -- Attendance: 903 (90,30%) -- Ticket Income 150 801 $
Game was played at the Pepsi Center'
Total Attendance: 16792 (93,29%)
Total Ticket Income: 967 393 $
Other Income: 145 109 $
Total Income: 1 112 502 $

Devils

5 vs 5 Forward 
   Center                   Left Wing                Right Wing               Time % Phy DF OF 
 1 Jiri Hudler              Milan Michalek           Michael Frolik           40     1   2  2  
 2 Vincent Lecavalier       Zach Parise              Jordan Eberle            30     1   2  2  
 3 Steve Ott                Brett Maclean            Damien Brunner           20     1   2  2  
 4 Logan Couture            Greg Stewart             Patrick Eaves            10     1   2  2  

5 vs 5 Defense 
   Defense                  Defense                                           Time % Phy DF OF 
 1 Ben Lovejoy              Dave Tanabe                                       40     1   2  2  
 2 Cody Franson             Mike Komisarek                                    30     1   2  2  
 3 Brad Ference             Oliver Ekman-Larsson                              20     1   2  2  
 4 Dave Tanabe              Oliver Ekman-Larsson                              10     1   2  2  

PowerPlay Forward 
   Center                   Left Wing                Right Wing               Time % Phy DF OF 
 1 Vincent Lecavalier       Milan Michalek           Jordan Eberle            60     0   2  3  
 2 Logan Couture            Zach Parise              Michael Frolik           40     0   2  3  

PowerPlay Defense
   Defense                  Defense                                           Time % Phy DF OF 
 1 Oliver Ekman-Larsson     Ben Lovejoy                                       60     0   2  3  
 2 Mike Komisarek           Cody Franson                                      40     0   2  3  

Penalty Kill 4 Players Forward 
   Center                   Wing                     Time % Phy DF OF 
 1 Vincent Lecavalier       Milan Michalek           60     1   2  2  
 2 Jiri Hudler              Zach Parise              40     1   2  2  

Penalty Kill 4 Players Defense
   Defense                  Defense                  Time % Phy DF OF 
 1 Brad Ference             Dave Tanabe              60     1   2  2  
 2 Ben Lovejoy              Mike Komisarek           40     1   2  2  

Penalty Kill - 3 Players Forward 
   Forward                                           Time % Phy DF OF 
 1 Zach Parise                                       60     1   2  2  
 2 Vincent Lecavalier                                40     1   2  2  

Penalty Kill - 3 Players Defense
   Defense                  Defense                  Time % Phy DF OF 
 1 Brad Ference             Dave Tanabe              60     1   2  2  
 2 Ben Lovejoy              Mike Komisarek           40     1   2  2  

4 vs 4 Forward 
   Center                   Wing                     Time % Phy DF OF 
 1 Vincent Lecavalier       Zach Parise              60     1   2  2  
 2 Jiri Hudler              Michael Frolik           40     1   2  2  

4 vs 4 Defense
   Defense                  Defense                  Time % Phy DF OF 
 1 Mike Komisarek           Dave Tanabe              60     1   2  2  
 2 Ben Lovejoy              Mike Komisarek           40     1   2  2  

Last Minutes Offensive
   Center                   Left Wing                Right Wing               Defense                  Defense                  
   Vincent Lecavalier       Zach Parise              Michael Frolik           Cody Franson             Ben Lovejoy              

Last Minutes Defensive
   Center                   Left Wing                Right Wing               Defense                  Defense                  
   Vincent Lecavalier       Zach Parise              Michael Frolik           Dave Tanabe              Mike Komisarek           

Goaltenders
Starting : James Reimer             
Backup : Evgeni Nabokov           

Extra Forwards
Normal : Logan Couture, Brett Maclean, Patrick Eaves - PP : Steve Ott, Damien Brunner - PK : Patrick Eaves
Extra Defensemen
Normal : Oliver Ekman-Larsson, Cody Franson, Dave Tanabe - PP : Oliver Ekman-Larsson - PK : Mike Komisarek, Dave Tanabe
Penalty Shots
Zach Parise, Vincent Lecavalier, Milan Michalek, Michael Frolik, Jiri Hudler

Avalanche

5 vs 5 Forward 
   Center                   Left Wing                Right Wing               Time % Phy DF OF 
 1 Mike Comrie              Ryan Smyth               Corey Perry              35     1   2  2  
 2 Bryan Little             Mikkel Boedker           Brandon Yip              30     1   2  2  
 3 Ryan Getzlaf             Andrew Ladd              Chuck Kobasew            20     1   2  2  
 4 Michal Handzus           Max Pacioretty           Nick Palmieri            15     1   2  2  

5 vs 5 Defense 
   Defense                  Defense                                           Time % Phy DF OF 
 1 Marc Staal               Jack Johnson                                      40     1   2  2  
 2 Shane O'Brien            Pernell Karl Subban                               30     1   2  2  
 3 Randy Jones              Sergei Gonchar                                    30     1   2  2  
 4 Marc Staal               Jack Johnson                                      0      1   2  2  

PowerPlay Forward 
   Center                   Left Wing                Right Wing               Time % Phy DF OF 
 1 Ryan Getzlaf             Ryan Smyth               Corey Perry              55     1   2  2  
 2 Bryan Little             Mikkel Boedker           Max Pacioretty           45     1   2  2  

PowerPlay Defense
   Defense                  Defense                                           Time % Phy DF OF 
 1 Marc Staal               Jack Johnson                                      55     1   2  2  
 2 Sergei Gonchar           Pernell Karl Subban                               45     1   2  2  

Penalty Kill 4 Players Forward 
   Center                   Wing                     Time % Phy DF OF 
 1 Mike Comrie              Ryan Smyth               60     1   2  2  
 2 Mike Comrie              Bryan Little             40     1   2  2  

Penalty Kill 4 Players Defense
   Defense                  Defense                  Time % Phy DF OF 
 1 Jack Johnson             Shane O'Brien            60     1   2  2  
 2 Randy Jones              Marc Staal               40     1   2  2  

Penalty Kill - 3 Players Forward 
   Forward                                           Time % Phy DF OF 
 1 Corey Perry                                       60     1   2  2  
 2 Ryan Smyth                                        40     1   2  2  

Penalty Kill - 3 Players Defense
   Defense                  Defense                  Time % Phy DF OF 
 1 Marc Staal               Jack Johnson             60     1   2  2  
 2 Shane O'Brien            Pernell Karl Subban      40     1   2  2  

4 vs 4 Forward 
   Center                   Wing                     Time % Phy DF OF 
 1 Corey Perry              Ryan Smyth               60     1   2  2  
 2 Mike Comrie              Bryan Little             40     1   2  2  

4 vs 4 Defense
   Defense                  Defense                  Time % Phy DF OF 
 1 Marc Staal               Jack Johnson             60     1   2  2  
 2 Shane O'Brien            Pernell Karl Subban      40     1   2  2  

Last Minutes Offensive
   Center                   Left Wing                Right Wing               Defense                  Defense                  
   Bryan Little             Ryan Smyth               Corey Perry              Marc Staal               Jack Johnson             

Last Minutes Defensive
   Center                   Left Wing                Right Wing               Defense                  Defense                  
   Mike Comrie              Ryan Smyth               Corey Perry              Marc Staal               Jack Johnson             

Goaltenders
Starting : Jimmy Howard             
Backup : Semyon Varlamov          

Extra Forwards
Normal : Ryan Getzlaf, Michal Handzus, Chuck Kobasew - PP : Ryan Getzlaf, Michal Handzus - PK : Chuck Kobasew
Extra Defensemen
Normal : Randy Jones, Sergei Gonchar, Pernell Karl Subban - PP : Randy Jones - PK : Sergei Gonchar, Pernell Karl Subban
Penalty Shots
Corey Perry, Ryan Smyth, Mike Comrie, Bryan Little, Ryan Getzlaf

% Time on Ice - Devils

Lines # - Real PCT - Wanted PCT - Time Play
Normal Forward
1 - 37% - 40% - 18:01
2 - 24% - 30% - 11:30
3 - 22% - 20% - 10:37
4 - 17% - 10% - 8:14
Normal Defense
1 - 42% - 40% - 20:17
2 - 30% - 30% - 14:36
3 - 22% - 20% - 10:28
4 - 6% - 10% - 3:01
PP Forward
1 - 63% - 60% - 1:32
2 - 37% - 40% - 0:55
PP Defense
1 - 59% - 60% - 1:26
2 - 41% - 40% - 1:01
PK Forward
1 - 76% - 60% - 6:00
2 - 24% - 40% - 1:56
PK Defense
1 - 68% - 60% - 5:23
2 - 32% - 40% - 2:33
PK3 Forward
1 - 0% - 60%
2 - 0% - 40%
PK3 Defense
1 - 0% - 60%
2 - 0% - 40%
44 Forward
1 - 0% - 60%
2 - 0% - 40%
44 Defense
1 - 0% - 60%
2 - 0% - 40%
Last Minute Offensive  - 1:15
Last Minute Defensive  - 0:00
Total
Forward - 60:00
Defense - 60:00

% Time on Ice - Avalanche

Lines # - Real PCT - Wanted PCT - Time Play
Normal Forward
1 - 34% - 35% - 16:44
2 - 28% - 30% - 13:50
3 - 22% - 20% - 11:02
4 - 16% - 15% - 7:46
Normal Defense
1 - 41% - 40% - 20:05
2 - 30% - 30% - 15:02
3 - 28% - 30% - 13:56
4 - 1% - 0% - 0:19
PP Forward
1 - 55% - 55% - 4:22
2 - 45% - 45% - 3:34
PP Defense
1 - 57% - 55% - 4:32
2 - 43% - 45% - 3:24
PK Forward
1 - 100% - 60% - 2:27
2 - 0% - 40% - 0:00
PK Defense
1 - 68% - 60% - 1:40
2 - 32% - 40% - 0:47
PK3 Forward
1 - 0% - 60%
2 - 0% - 40%
PK3 Defense
1 - 0% - 60%
2 - 0% - 40%
44 Forward
1 - 0% - 60%
2 - 0% - 40%
44 Defense
1 - 0% - 60%
2 - 0% - 40%
Last Minute Offensive  - 0:00
Last Minute Defensive  - 0:15
Total
Forward - 60:00
Defense - 60:00

Play by Play

1st period


0:01 of 1st period - Mike Comrie wins face-off versus Jiri Hudler in neutral zone.
0:47 of 1st period - Snap shot by Andrew Ladd.
0:47 of 1st period - Stopped by James Reimer with a rebound.
0:49 of 1st period - Slapshot by Marc Staal.
0:49 of 1st period - Shot Misses the Net.
0:53 of 1st period - Wrist shot by Ryan Getzlaf.
0:53 of 1st period - Stopped by James Reimer without a rebound.
0:54 of 1st period - Logan Couture wins face-off versus Michal Handzus in Devils zone.
1:29 of 1st period - Wrist shot by Nick Palmieri.
1:29 of 1st period - Stopped by James Reimer with a rebound.
1:45 of 1st period - Ben Lovejoy is hit by Mike Comrie and loses puck.
2:05 of 1st period - Off-side.
2:06 of 1st period - Steve Ott wins face-off versus Ryan Getzlaf in neutral zone.
2:11 of 1st period - Pernell Karl Subban is hit by Brett Maclean.
2:36 of 1st period - Mikkel Boedker is hit by Jiri Hudler and loses puck.
3:47 of 1st period - Snap shot by Sergei Gonchar.
3:47 of 1st period - Stopped by James Reimer without a rebound.
3:48 of 1st period - Jiri Hudler wins face-off versus Ryan Smyth in Devils zone.
3:50 of 1st period - Minor Penalty to Jiri Hudler for Hooking.
3:51 of 1st period - Ryan Getzlaf wins face-off versus Vincent Lecavalier in Devils zone.
4:36 of 1st period - Dave Tanabe is hit by Corey Perry and loses puck.
5:50 of 1st period - Penalty to Jiri Hudler is over, Jiri Hudler is back on ice.
6:01 of 1st period - Slapshot by Michal Handzus.
6:01 of 1st period - Stopped by James Reimer with a rebound.
6:11 of 1st period - Andrew Ladd is hit by Oliver Ekman-Larsson and loses puck.
7:10 of 1st period - Ryan Smyth is hit by Patrick Eaves.
7:24 of 1st period - Snap shot by Ryan Smyth.
7:24 of 1st period - Shot Blocked by Ben Lovejoy.
7:26 of 1st period - Wrist shot by Corey Perry.
7:26 of 1st period - Shot Misses the Net.
7:28 of 1st period - Wrist shot by Ryan Smyth.
7:28 of 1st period - Shot Misses the Net.
7:40 of 1st period - Wrist shot by Corey Perry.
7:40 of 1st period - Deflect By Dave Tanabe.
7:40 of 1st period - Stopped by James Reimer without a rebound.
7:41 of 1st period - Jiri Hudler wins face-off versus Bryan Little in Devils zone.
7:41 of 1st period - Jiri Hudler is hit by Bryan Little.
7:57 of 1st period - Mikkel Boedker is hit by Oliver Ekman-Larsson and loses puck.
8:12 of 1st period - Wrist shot by Vincent Lecavalier.
8:12 of 1st period - Stopped by Jimmy Howard with a rebound.
8:14 of 1st period - Snap shot by Jordan Eberle.
8:14 of 1st period - Shot Blocked by Pernell Karl Subban.
8:16 of 1st period - Slapshot by Oliver Ekman-Larsson.
8:16 of 1st period - Shot Blocked by Pernell Karl Subban.
8:18 of 1st period - Snap shot by Zach Parise.
8:18 of 1st period - Shot Misses the Net.
8:38 of 1st period - Nick Palmieri is hit by Damien Brunner and loses puck.
8:51 of 1st period - Icing by Shane O'Brien.
8:52 of 1st period - Bryan Little wins face-off versus Jiri Hudler in Avalanche zone.
9:13 of 1st period - Andrew Ladd is hit by Milan Michalek and loses puck.
9:20 of 1st period - Snap shot by Jiri Hudler.
9:20 of 1st period - Stopped by Jimmy Howard with a rebound.
9:22 of 1st period - Snap shot by Milan Michalek.
9:22 of 1st period - Shot Misses the Net.
9:24 of 1st period - Snap shot by Milan Michalek.
9:24 of 1st period - Shot Misses the Net.
9:28 of 1st period - Snap shot by Michael Frolik.
9:28 of 1st period - Shot Misses the Net.
9:30 of 1st period - Snap shot by Jiri Hudler.
9:30 of 1st period - Stopped by Jimmy Howard with a rebound.
9:32 of 1st period - Wrist shot by Jiri Hudler.
9:32 of 1st period - Shot Blocked by Marc Staal.
9:36 of 1st period - Wrist shot by Jiri Hudler.
9:36 of 1st period - Stopped by Jimmy Howard with a rebound.
9:42 of 1st period - Slapshot by Milan Michalek.
9:42 of 1st period - Goal by Milan Michalek - Devils : 1 - Avalanche : 0.
9:43 of 1st period - Vincent Lecavalier wins face-off versus Bryan Little in neutral zone.
10:19 of 1st period - Marc Staal is hit by Greg Stewart and loses puck.
10:42 of 1st period - Wrist shot by Max Pacioretty.
10:42 of 1st period - Stopped by James Reimer without a rebound.
10:43 of 1st period - Jiri Hudler wins face-off versus Bryan Little in Devils zone.
10:43 of 1st period - Jiri Hudler is hit by Bryan Little.
10:49 of 1st period - Snap shot by Milan Michalek.
10:49 of 1st period - Shot Misses the Net.
11:13 of 1st period - Wrist shot by Bryan Little.
11:13 of 1st period - Stopped by James Reimer without a rebound.
11:14 of 1st period - Vincent Lecavalier wins face-off versus Mike Comrie in Devils zone.
11:25 of 1st period - Slapshot by Corey Perry.
11:25 of 1st period - Shot Blocked by Zach Parise.
11:27 of 1st period - Snap shot by Mike Comrie.
11:27 of 1st period - Stopped by James Reimer without a rebound.
11:28 of 1st period - Bryan Little wins face-off versus Jiri Hudler in Devils zone.
11:36 of 1st period - Off-side.
11:37 of 1st period - Jiri Hudler wins face-off versus Bryan Little in neutral zone.
11:39 of 1st period - Off-side.
11:40 of 1st period - Jiri Hudler wins face-off versus Mike Comrie in neutral zone.
11:44 of 1st period - Off-side.
11:45 of 1st period - Jiri Hudler wins face-off versus Mike Comrie in neutral zone.
12:03 of 1st period - Mike Comrie is hit by Michael Frolik and loses puck.
12:22 of 1st period - Snap shot by Mike Comrie.
12:22 of 1st period - Stopped by James Reimer without a rebound.
12:23 of 1st period - Bryan Little wins face-off versus Vincent Lecavalier in Devils zone.
12:40 of 1st period - Slapshot by Mikkel Boedker.
12:40 of 1st period - Deflect By Bryan Little.
12:40 of 1st period - Shot Hit the Post.
12:40 of 1st period - Puck is out of play.
12:41 of 1st period - Michal Handzus wins face-off versus Steve Ott in Devils zone.
12:42 of 1st period - Slapshot by Max Pacioretty.
12:42 of 1st period - Stopped by James Reimer with a rebound.
12:55 of 1st period - Minor Penalty to Steve Ott for Hooking.
12:56 of 1st period - Ryan Getzlaf wins face-off versus Vincent Lecavalier in Devils zone.
13:04 of 1st period - Wrist shot by Ryan Getzlaf.
13:04 of 1st period - Stopped by James Reimer without a rebound.
13:05 of 1st period - Vincent Lecavalier wins face-off versus Ryan Smyth in Devils zone.
13:28 of 1st period - Slapshot by Corey Perry.
13:28 of 1st period - Shot Misses the Net.
13:30 of 1st period - Slapshot by Corey Perry.
13:30 of 1st period - Shot Blocked by Brad Ference.
13:32 of 1st period - Slapshot by Corey Perry.
13:32 of 1st period - Stopped by James Reimer with a rebound.
13:34 of 1st period - Slapshot by Marc Staal.
13:34 of 1st period - Deflect By Corey Perry.
13:34 of 1st period - Shot Misses the Net.
13:34 of 1st period - Puck is out of play.
13:35 of 1st period - Vincent Lecavalier wins face-off versus Bryan Little in Devils zone.
13:57 of 1st period - Off-side.
13:58 of 1st period - Ryan Getzlaf wins face-off versus Vincent Lecavalier in neutral zone.
14:13 of 1st period - Slapshot by Marc Staal.
14:13 of 1st period - Shot Blocked by Brad Ference.
14:19 of 1st period - Corey Perry is hit by Vincent Lecavalier and loses puck.
14:32 of 1st period - Slapshot by Marc Staal.
14:32 of 1st period - Deflect By Jiri Hudler.
14:32 of 1st period - Stopped by James Reimer with a rebound.
14:34 of 1st period - Snap shot by Jack Johnson.
14:34 of 1st period - Shot Blocked by Dave Tanabe.
14:36 of 1st period - Snap shot by Bryan Little.
14:36 of 1st period - Shot Misses the Net.
14:38 of 1st period - Snap shot by Mikkel Boedker.
14:38 of 1st period - Stopped by James Reimer with a rebound.
14:44 of 1st period - Snap shot by Bryan Little.
14:44 of 1st period - Stopped by James Reimer with a rebound.
14:55 of 1st period - Penalty to Steve Ott is over, Steve Ott is back on ice.
15:08 of 1st period - Slapshot by Max Pacioretty.
15:08 of 1st period - Shot Blocked by Milan Michalek.
15:15 of 1st period - Icing by Vincent Lecavalier.
15:16 of 1st period - Logan Couture wins face-off versus Brandon Yip in Devils zone.
15:16 of 1st period - Logan Couture is hit by Bryan Little.
15:22 of 1st period - Sergei Gonchar is hit by Ben Lovejoy and loses puck.
15:42 of 1st period - Logan Couture is hit by Bryan Little and loses puck.
16:01 of 1st period - Slapshot by Greg Stewart.
16:01 of 1st period - Stopped by Jimmy Howard without a rebound.
16:02 of 1st period - Mike Comrie wins face-off versus Vincent Lecavalier in Avalanche zone.
16:04 of 1st period - Minor Penalty to Mike Comrie for Hooking.
16:05 of 1st period - Chuck Kobasew wins face-off versus Vincent Lecavalier in Avalanche zone.
16:12 of 1st period - Off-side.
16:13 of 1st period - Vincent Lecavalier wins face-off versus Chuck Kobasew in neutral zone.
16:16 of 1st period - Slapshot by Ben Lovejoy.
16:16 of 1st period - Goal by Ben Lovejoy - Devils : 2 - Avalanche : 0.
16:17 of 1st period - Vincent Lecavalier wins face-off versus Ryan Smyth in neutral zone.
16:28 of 1st period - Ryan Smyth is hit by Vincent Lecavalier and loses puck.
17:06 of 1st period - Snap shot by Bryan Little.
17:06 of 1st period - Stopped by James Reimer with a rebound.
17:12 of 1st period - Snap shot by Bryan Little.
17:12 of 1st period - Stopped by James Reimer with a rebound.
17:18 of 1st period - Wrist shot by Bryan Little.
17:18 of 1st period - Shot Misses the Net.
18:14 of 1st period - Wrist shot by Brett Maclean.
18:14 of 1st period - Stopped by Jimmy Howard without a rebound.
18:15 of 1st period - Bryan Little wins face-off versus Steve Ott in Avalanche zone.
18:22 of 1st period - Slapshot by Bryan Little.
18:22 of 1st period - Shot Misses the Net.
18:24 of 1st period - Slapshot by Shane O'Brien.
18:24 of 1st period - Shot Blocked by Ben Lovejoy.
18:26 of 1st period - Slapshot by Brandon Yip.
18:26 of 1st period - Shot Blocked by Dave Tanabe.
18:28 of 1st period - Wrist shot by Bryan Little.
18:28 of 1st period - Shot Blocked by Dave Tanabe.
18:30 of 1st period - Slapshot by Mikkel Boedker.
18:30 of 1st period - Shot Blocked by Steve Ott.
18:32 of 1st period - Slapshot by Shane O'Brien.
18:32 of 1st period - Deflect By Ben Lovejoy.
18:32 of 1st period - Stopped by James Reimer without a rebound.
18:33 of 1st period - Mike Comrie wins face-off versus Milan Michalek in Devils zone.
19:23 of 1st period - Snap shot by Pernell Karl Subban.
19:23 of 1st period - Goal by Pernell Karl Subban - Devils : 2 - Avalanche : 1.
19:24 of 1st period - Jiri Hudler wins face-off versus Mike Comrie in neutral zone.
19:39 of 1st period - Mike Comrie is hit by Michael Frolik and loses puck.
Goals for this period are 2 for Devils vs 1 for Avalanche.
Shots for this period are 8 for Devils vs 20 for Avalanche.

2nd period


0:01 of 2nd period - Mike Comrie wins face-off versus Jiri Hudler in neutral zone.
0:25 of 2nd period - Snap shot by Mikkel Boedker.
0:25 of 2nd period - Stopped by James Reimer with a rebound.
1:35 of 2nd period - Snap shot by Jiri Hudler.
1:35 of 2nd period - Stopped by Jimmy Howard with a rebound.
2:23 of 2nd period - Greg Stewart is hit by Bryan Little and loses puck.
2:54 of 2nd period - Jordan Eberle is hit by Mike Comrie and loses puck.
4:00 of 2nd period - Wrist shot by Mike Comrie.
4:00 of 2nd period - Deflect By Ryan Smyth.
4:00 of 2nd period - Stopped by James Reimer without a rebound.
4:01 of 2nd period - Jiri Hudler wins face-off versus Mike Comrie in Devils zone.
4:06 of 2nd period - Corey Perry is hit by Jiri Hudler and loses puck.
4:26 of 2nd period - Icing by Oliver Ekman-Larsson.
4:27 of 2nd period - Vincent Lecavalier wins face-off versus Bryan Little in Devils zone.
4:27 of 2nd period - Vincent Lecavalier is hit by Brandon Yip.
4:40 of 2nd period - Vincent Lecavalier is hit by Brandon Yip and loses puck.
5:03 of 2nd period - Slapshot by Jiri Hudler.
5:03 of 2nd period - Shot Misses the Net.
5:26 of 2nd period - Wrist shot by Sergei Gonchar.
5:26 of 2nd period - Deflect By Mike Comrie.
5:26 of 2nd period - Stopped by James Reimer without a rebound.
5:27 of 2nd period - Mike Comrie wins face-off versus Steve Ott in Devils zone.
6:03 of 2nd period - Minor Penalty to Dave Tanabe for Slashing.
6:04 of 2nd period - Ryan Getzlaf wins face-off versus Vincent Lecavalier in Devils zone.
8:03 of 2nd period - Penalty to Dave Tanabe is over, Dave Tanabe is back on ice.
8:25 of 2nd period - Wrist shot by Milan Michalek.
8:25 of 2nd period - Shot Misses the Net.
8:27 of 2nd period - Wrist shot by Milan Michalek.
8:27 of 2nd period - Shot Misses the Net.
8:29 of 2nd period - Wrist shot by Dave Tanabe.
8:29 of 2nd period - Shot Misses the Net.
8:31 of 2nd period - Wrist shot by Vincent Lecavalier.
8:31 of 2nd period - Stopped by Jimmy Howard with a rebound.
8:35 of 2nd period - Slapshot by Vincent Lecavalier.
8:35 of 2nd period - Stopped by Jimmy Howard without a rebound.
8:36 of 2nd period - Steve Ott wins face-off versus Ryan Getzlaf in Avalanche zone.
8:41 of 2nd period - Slapshot by Damien Brunner.
8:41 of 2nd period - Stopped by Jimmy Howard without a rebound.
8:42 of 2nd period - Damien Brunner wins face-off versus Ryan Getzlaf in Avalanche zone.
10:21 of 2nd period - Jack Johnson is hit by Oliver Ekman-Larsson and loses puck.
10:40 of 2nd period - Nick Palmieri is hit by Jordan Eberle and loses puck.
10:59 of 2nd period - Shane O'Brien is hit by Michael Frolik and loses puck.
11:14 of 2nd period - Pernell Karl Subban is hit by Ben Lovejoy and loses puck.
11:29 of 2nd period - Bryan Little is hit by Greg Stewart and loses puck.
11:36 of 2nd period - Jack Johnson is hit by Patrick Eaves and loses puck.
11:47 of 2nd period - Slapshot by Mikkel Boedker.
11:47 of 2nd period - Stopped by James Reimer with a rebound.
11:49 of 2nd period - Slapshot by Bryan Little.
11:49 of 2nd period - Goal by Bryan Little - Devils : 2 - Avalanche : 2.
11:50 of 2nd period - Mike Comrie wins face-off versus Jiri Hudler in neutral zone.
11:57 of 2nd period - Snap shot by Corey Perry.
11:57 of 2nd period - Deflect By Ryan Smyth.
11:57 of 2nd period - Stopped by James Reimer without a rebound.
11:58 of 2nd period - Mike Comrie wins face-off versus Jiri Hudler in Devils zone.
12:09 of 2nd period - Wrist shot by Corey Perry.
12:09 of 2nd period - Stopped by James Reimer with a rebound.
12:11 of 2nd period - Slapshot by Marc Staal.
12:11 of 2nd period - Shot Misses the Net.
13:06 of 2nd period - Slapshot by Sergei Gonchar.
13:06 of 2nd period - Shot Blocked by Logan Couture.
13:08 of 2nd period - Snap shot by Mikkel Boedker.
13:08 of 2nd period - Shot Blocked by Cody Franson.
13:10 of 2nd period - Slapshot by Sergei Gonchar.
13:10 of 2nd period - Stopped by James Reimer with a rebound.
13:12 of 2nd period - Slapshot by Randy Jones.
13:12 of 2nd period - Stopped by James Reimer without a rebound.
13:13 of 2nd period - Mike Comrie wins face-off versus Jiri Hudler in Devils zone.
13:49 of 2nd period - Slapshot by Marc Staal.
13:49 of 2nd period - Stopped by James Reimer with a rebound.
13:51 of 2nd period - Wrist shot by Jack Johnson.
13:51 of 2nd period - Stopped by James Reimer with a rebound.
13:53 of 2nd period - Snap shot by Ryan Smyth.
13:53 of 2nd period - Shot Misses the Net.
13:55 of 2nd period - Slapshot by Marc Staal.
13:55 of 2nd period - Stopped by James Reimer without a rebound.
13:56 of 2nd period - Bryan Little wins face-off versus Jiri Hudler in Devils zone.
14:27 of 2nd period - Wrist shot by Max Pacioretty.
14:27 of 2nd period - Shot Blocked by Dave Tanabe.
14:29 of 2nd period - Slapshot by Jack Johnson.
14:29 of 2nd period - Stopped by James Reimer with a rebound.
14:31 of 2nd period - Wrist shot by Michal Handzus.
14:31 of 2nd period - Deflect By Nick Palmieri.
14:31 of 2nd period - Shot Misses the Net.
14:31 of 2nd period - Puck is out of play.
14:32 of 2nd period - Ryan Getzlaf wins face-off versus Jordan Eberle in Devils zone.
15:48 of 2nd period - Slapshot by Sergei Gonchar.
15:48 of 2nd period - Stopped by James Reimer with a rebound.
16:20 of 2nd period - Mike Comrie is hit by Brett Maclean.
16:26 of 2nd period - Wrist shot by Ryan Smyth.
16:26 of 2nd period - Shot Misses the Net.
16:28 of 2nd period - Slapshot by Pernell Karl Subban.
16:28 of 2nd period - Shot Blocked by Brett Maclean.
16:30 of 2nd period - Wrist shot by Ryan Smyth.
16:30 of 2nd period - Goal by Ryan Smyth - Devils : 2 - Avalanche : 3.
16:31 of 2nd period - Jiri Hudler wins face-off versus Ryan Smyth in neutral zone.
16:41 of 2nd period - Off-side.
16:42 of 2nd period - Mike Comrie wins face-off versus Jiri Hudler in neutral zone.
17:18 of 2nd period - Slapshot by Zach Parise.
17:18 of 2nd period - Shot Blocked by Sergei Gonchar.
17:38 of 2nd period - Wrist shot by Greg Stewart.
17:38 of 2nd period - Stopped by Jimmy Howard with a rebound.
17:40 of 2nd period - Slapshot by Oliver Ekman-Larsson.
17:40 of 2nd period - Stopped by Jimmy Howard without a rebound.
17:41 of 2nd period - Mike Comrie wins face-off versus Jiri Hudler in Avalanche zone.
17:54 of 2nd period - Wrist shot by Corey Perry.
17:54 of 2nd period - Stopped by James Reimer without a rebound.
17:55 of 2nd period - Mike Comrie wins face-off versus Vincent Lecavalier in Devils zone.
17:56 of 2nd period - Backhand shot by Corey Perry.
17:56 of 2nd period - Stopped by James Reimer with a rebound.
18:06 of 2nd period - Snap shot by Jordan Eberle.
18:06 of 2nd period - Stopped by Jimmy Howard without a rebound.
18:07 of 2nd period - Mike Comrie wins face-off versus Jiri Hudler in Avalanche zone.
18:07 of 2nd period - Mike Comrie is hit by Jiri Hudler.
18:21 of 2nd period - Wrist shot by Michael Frolik.
18:21 of 2nd period - Shot Misses the Net.
18:23 of 2nd period - Snap shot by Michael Frolik.
18:23 of 2nd period - Shot Misses the Net.
18:33 of 2nd period - Dave Tanabe is hit by Brandon Yip.
18:39 of 2nd period - Snap shot by Mikkel Boedker.
18:39 of 2nd period - Stopped by James Reimer without a rebound.
18:40 of 2nd period - Jordan Eberle wins face-off versus Bryan Little in Devils zone.
19:23 of 2nd period - Icing by Marc Staal.
19:24 of 2nd period - Bryan Little wins face-off versus Jiri Hudler in Avalanche zone.
19:59 of 2nd period - Snap shot by Ryan Smyth.
19:59 of 2nd period - Stopped by James Reimer with a rebound.
Goals for this period are 0 for Devils vs 2 for Avalanche.
Shots for this period are 7 for Devils vs 19 for Avalanche.

3rd period


0:01 of 3rd period - Mike Comrie wins face-off versus Jiri Hudler in neutral zone.
0:27 of 3rd period - Dave Tanabe is hit by Shane O'Brien and loses puck.
1:27 of 3rd period - Brad Ference is hit by Marc Staal and loses puck.
1:34 of 3rd period - Wrist shot by Milan Michalek.
1:34 of 3rd period - Stopped by Jimmy Howard without a rebound.
1:35 of 3rd period - Bryan Little wins face-off versus Jiri Hudler in Avalanche zone.
1:41 of 3rd period - Icing by Pernell Karl Subban.
1:42 of 3rd period - Bryan Little wins face-off versus Jiri Hudler in Avalanche zone.
2:14 of 3rd period - Penalty Shot by Pernell Karl Subban for Avalanche.
2:14 of 3rd period - Backhand shot by Pernell Karl Subban.
2:14 of 3rd period - Stopped by James Reimer.
2:15 of 3rd period - Vincent Lecavalier wins face-off versus Mike Comrie in Avalanche zone.
2:19 of 3rd period - Wrist shot by Vincent Lecavalier.
2:19 of 3rd period - Stopped by Jimmy Howard with a rebound.
2:21 of 3rd period - Snap shot by Zach Parise.
2:21 of 3rd period - Goal by Zach Parise - Devils : 3 - Avalanche : 3.
2:22 of 3rd period - Mike Comrie wins face-off versus Michael Frolik in neutral zone.
2:56 of 3rd period - Snap shot by Chuck Kobasew.
2:56 of 3rd period - Shot Blocked by Dave Tanabe.
3:08 of 3rd period - Jack Johnson is hit by Steve Ott and loses puck.
3:15 of 3rd period - Wrist shot by Damien Brunner.
3:15 of 3rd period - Shot Misses the Net.
3:33 of 3rd period - Snap shot by Patrick Eaves.
3:33 of 3rd period - Shot Hit the Post.
3:35 of 3rd period - Slapshot by Cody Franson.
3:35 of 3rd period - Shot Blocked by Marc Staal.
3:37 of 3rd period - Snap shot by Patrick Eaves.
3:37 of 3rd period - Shot Misses the Net.
3:51 of 3rd period - Wrist shot by Jiri Hudler.
3:51 of 3rd period - Shot Hit the Post.
3:53 of 3rd period - Wrist shot by Jiri Hudler.
3:53 of 3rd period - Shot Blocked by Marc Staal.
3:55 of 3rd period - Slapshot by Ben Lovejoy.
3:55 of 3rd period - Stopped by Jimmy Howard with a rebound.
4:29 of 3rd period - Wrist shot by Andrew Ladd.
4:29 of 3rd period - Goal by Andrew Ladd - Devils : 3 - Avalanche : 4.
4:30 of 3rd period - Jiri Hudler wins face-off versus Mike Comrie in neutral zone.
4:36 of 3rd period - Icing by Pernell Karl Subban.
4:37 of 3rd period - Mike Comrie wins face-off versus Jiri Hudler in Avalanche zone.
4:37 of 3rd period - Mike Comrie is hit by Milan Michalek.
4:42 of 3rd period - Mike Comrie is hit by Cody Franson.
4:46 of 3rd period - Snap shot by Mike Comrie.
4:46 of 3rd period - Stopped by James Reimer without a rebound.
4:47 of 3rd period - Jiri Hudler wins face-off versus Corey Perry in Devils zone.
6:03 of 3rd period - Dave Tanabe is hit by Mikkel Boedker and loses puck.
6:45 of 3rd period - Wrist shot by Damien Brunner.
6:45 of 3rd period - Shot Misses the Net.
6:49 of 3rd period - Wrist shot by Steve Ott.
6:49 of 3rd period - Shot Blocked by Michal Handzus.
7:05 of 3rd period - Slapshot by Zach Parise.
7:05 of 3rd period - Shot Blocked by Pernell Karl Subban.
7:09 of 3rd period - Wrist shot by Vincent Lecavalier.
7:09 of 3rd period - Shot Misses the Net.
7:11 of 3rd period - Slapshot by Cody Franson.
7:11 of 3rd period - Stopped by Jimmy Howard with a rebound.
7:50 of 3rd period - Snap shot by Mike Comrie.
7:50 of 3rd period - Stopped by James Reimer with a rebound.
7:52 of 3rd period - Slapshot by Pernell Karl Subban.
7:52 of 3rd period - Stopped by James Reimer without a rebound.
7:53 of 3rd period - Vincent Lecavalier wins face-off versus Mike Comrie in Devils zone.
7:53 of 3rd period - Zach Parise is hit by Randy Jones and loses puck.
7:58 of 3rd period - Slapshot by Corey Perry.
7:58 of 3rd period - Deflect By Mike Comrie.
7:58 of 3rd period - Shot Misses the Net.
7:58 of 3rd period - Puck is out of play.
7:59 of 3rd period - Vincent Lecavalier wins face-off versus Mike Comrie in Devils zone.
8:10 of 3rd period - Snap shot by Corey Perry.
8:10 of 3rd period - Stopped by James Reimer without a rebound.
8:11 of 3rd period - Jiri Hudler wins face-off versus Mike Comrie in Devils zone.
8:13 of 3rd period - Minor Penalty to Milan Michalek for Roughing.
8:14 of 3rd period - Ryan Getzlaf wins face-off versus Vincent Lecavalier in Devils zone.
8:16 of 3rd period - Slapshot by Ryan Getzlaf.
8:16 of 3rd period - Shot Misses the Net.
10:13 of 3rd period - Penalty to Milan Michalek is over, Milan Michalek is back on ice.
10:23 of 3rd period - Chuck Kobasew is hit by Jiri Hudler and loses puck.
10:28 of 3rd period - Snap shot by Milan Michalek.
10:28 of 3rd period - Shot Blocked by Nick Palmieri.
10:30 of 3rd period - Snap shot by Milan Michalek.
10:30 of 3rd period - Deflect By Jiri Hudler.
10:30 of 3rd period - Shot Misses the Net.
10:30 of 3rd period - Puck is out of play.
10:31 of 3rd period - Chuck Kobasew wins face-off versus Jiri Hudler in Avalanche zone.
10:48 of 3rd period - Nick Palmieri is hit by Jordan Eberle and loses puck.
10:53 of 3rd period - Slapshot by Zach Parise.
10:53 of 3rd period - Stopped by Jimmy Howard without a rebound.
10:54 of 3rd period - Mike Comrie wins face-off versus Jiri Hudler in Avalanche zone.
10:54 of 3rd period - Mike Comrie is hit by Brad Ference.
11:27 of 3rd period - Wrist shot by Brett Maclean.
11:27 of 3rd period - Deflect By Steve Ott.
11:27 of 3rd period - Goal by Steve Ott - Devils : 4 - Avalanche : 4.
11:28 of 3rd period - Mike Comrie wins face-off versus Jiri Hudler in neutral zone.
11:31 of 3rd period - Slapshot by Randy Jones.
11:31 of 3rd period - Stopped by James Reimer with a rebound.
11:41 of 3rd period - Ryan Smyth is hit by Jiri Hudler and loses puck.
12:39 of 3rd period - Sergei Gonchar is hit by Greg Stewart.
12:59 of 3rd period - Slapshot by Jack Johnson.
12:59 of 3rd period - Shot Blocked by Brad Ference.
13:01 of 3rd period - Snap shot by Mike Comrie.
13:01 of 3rd period - Stopped by James Reimer without a rebound.
13:02 of 3rd period - Mike Comrie wins face-off versus Jiri Hudler in Devils zone.
13:34 of 3rd period - Snap shot by Michael Frolik.
13:34 of 3rd period - Shot Blocked by Corey Perry.
14:26 of 3rd period - Snap shot by Mike Comrie.
14:26 of 3rd period - Goal by Mike Comrie - Devils : 4 - Avalanche : 5.
14:27 of 3rd period - Bryan Little wins face-off versus Vincent Lecavalier in neutral zone.
14:48 of 3rd period - Minor Penalty to Bryan Little for Holding.
14:49 of 3rd period - Mike Comrie wins face-off versus Vincent Lecavalier in Avalanche zone.
16:06 of 3rd period - Marc Staal is hit by Steve Ott and loses puck.
16:48 of 3rd period - Penalty to Bryan Little is over, Bryan Little is back on ice.
16:56 of 3rd period - Wrist shot by Bryan Little.
16:56 of 3rd period - Shot Misses the Net.
16:58 of 3rd period - Snap shot by Bryan Little.
16:58 of 3rd period - Goal by Bryan Little - Devils : 4 - Avalanche : 6.
16:59 of 3rd period - Brett Maclean wins face-off versus Ryan Getzlaf in neutral zone.
17:02 of 3rd period - Snap shot by Damien Brunner.
17:02 of 3rd period - Stopped by Jimmy Howard with a rebound.
17:07 of 3rd period - Off-side.
17:08 of 3rd period - Chuck Kobasew wins face-off versus Damien Brunner in neutral zone.
17:11 of 3rd period - Damien Brunner is hit by Jack Johnson and loses puck.
17:22 of 3rd period - Wrist shot by Ryan Getzlaf.
17:22 of 3rd period - Shot Misses the Net.
17:24 of 3rd period - Snap shot by Chuck Kobasew.
17:24 of 3rd period - Stopped by James Reimer with a rebound.
17:26 of 3rd period - Wrist shot by Ryan Getzlaf.
17:26 of 3rd period - Stopped by James Reimer without a rebound.
17:27 of 3rd period - Michal Handzus wins face-off versus Jiri Hudler in Devils zone.
18:01 of 3rd period - Snap shot by Dave Tanabe.
18:01 of 3rd period - Deflect By Damien Brunner.
18:01 of 3rd period - Stopped by Jimmy Howard with a rebound.
18:03 of 3rd period - Minor Penalty to Sergei Gonchar for Hooking.
18:04 of 3rd period - Mike Comrie wins face-off versus Vincent Lecavalier in Avalanche zone.
18:17 of 3rd period - Slapshot by Vincent Lecavalier.
18:17 of 3rd period - Stopped by Jimmy Howard with a rebound.
18:19 of 3rd period - Wrist shot by Milan Michalek.
18:19 of 3rd period - Goal by Milan Michalek - Devils : 5 - Avalanche : 6.
18:20 of 3rd period - Steve Ott wins face-off versus Ryan Getzlaf in neutral zone.
18:22 of 3rd period - Off-side.
18:23 of 3rd period - Ryan Getzlaf wins face-off versus Steve Ott in neutral zone.
18:46 of 3rd period - Devils, James Reimer is pulled from the net.
19:44 of 3rd period - Snap shot by Michael Frolik.
19:44 of 3rd period - Stopped by Jimmy Howard without a rebound.
19:45 of 3rd period - Jacques Lemaire call a timeout for Devils.
19:45 of 3rd period - Vincent Lecavalier wins face-off versus Mike Comrie in Avalanche zone.
19:52 of 3rd period - Snap shot by Michael Frolik.
19:52 of 3rd period - Stopped by Jimmy Howard with a rebound.
19:54 of 3rd period - Snap shot by Zach Parise.
19:54 of 3rd period - Shot Misses the Net.
Goals for this period are 3 for Devils vs 3 for Avalanche.
Shots for this period are 13 for Devils vs 11 for Avalanche.


Output by the SimonT Hockey Simulator (STHS) for François Prévost -- Original Page W3C XHTML 1.0 Valid
Hockey Simulator - Hockey Simulation - Hockey Manager